 Dungeon Crawl Stone Soup version 0.19-a0-981-gaae9137 (webtiles) character file.

32 TuxedoFelix the Skirmisher (level 3, -2/29 HPs)
             Began as a Demonspawn Berserker on July 14, 2016.
             Was a Follower of Trog.
             Slain by a hobgoblin (4 damage)
             ... on level 2 of the Dungeon.
             The game lasted 00:08:37 (1395 turns).

TuxedoFelix the Skirmisher (Demonspawn Berserker)   Turns: 1395, Time: 00:08:38

Health: -2/29      AC: 10    Str: 18    XL:     3   Next: 10%
Magic:  3/3        EV:  1    Int:  8    God:    Trog [*.....]
Gold:   91         SH: 13    Dex: 12    Spells: 0 memorised, 2 levels left

rFire  . . .     SeeInvis .     a - +0 spear
rCold  . . .     Gourm    .     i - +0 plate armour
rNeg   . . .     Faith    .     g - +2 large shield
rPois  .         Spirit   .     (no helmet)
rElec  .         Dismiss  .     (no cloak)
rCorr  .         Reflect  .     (no gloves)
SustAt .         Harm     .     (no boots)
MR     .....                    d - amulet of regeneration
Stlth  ..........               (no ring)
                                (no ring)

@: about to teleport, not resistant to hostile enchantments, extremely
unstealthy
A: powered by death 2
a: Berserk, Burn Spellbooks, Renounce Religion


You were on level 2 of the Dungeon.
You worshipped Trog.
Trog was aware of your devotion.
You were not hungry.

You visited 1 branch of the dungeon, and saw 2 of its levels.

You collected 91 gold pieces.

Inventory:

Hand Weapons
 a - a +0 spear (weapon)
Armour
 g - a +2 large shield (worn)
 i - a +0 plate armour (worn)
Jewellery
 d - an amulet of regeneration (around neck)
Scrolls
 b - a scroll of amnesia {unknown}
 j - a scroll of fog
 k - a scroll of teleportation
 l - a scroll of blinking {unknown}
 n - a scroll of noise {unknown}
Potions
 e - 2 potions of brilliance
 f - a potion of curing {unknown}
 h - a potion of ambrosia {unknown}
Comestibles
 c - a bread ration
 m - a meat ration


   Skills:
 + Level 3.4 Fighting
 + Level 3.1 Polearms
 + Level 2.0 Armour
 + Level 2.0 Dodging
 + Level 0.5 Shields


You had 2 spell levels left.
You didn't know any spells.

Dungeon Overview and Level Annotations

Branches:
Dungeon (2/15)

Altars:

Annotations:
D:2 Jessica


Innate Abilities, Weirdness & Mutations

You regenerate health from kills.


Message History

Pain shoots through your body!
The hobgoblin hits you but does no damage.
As you read the scroll of fog, it crumbles to dust.
The scroll dissolves into smoke.
You block the hobgoblin's attack.
Jessica points at you and mumbles some strange words.
Pain shoots through your body!
* * * LOW HITPOINT WARNING * * *
You block the hobgoblin's attack.
As you read the scroll of teleportation, it crumbles to dust.
You feel strangely unstable. You block the hobgoblin's attack.
You block Jessica's attack.
Your shield and plate armour prevent you from hitting the hobgoblin.
You block the hobgoblin's attack. x2; Jessica hits you.
* * * LOW HITPOINT WARNING * * *
The hobgoblin hits you with a club.
* * * LOW HITPOINT WARNING * * *
The hobgoblin hits you but does no damage.
You block Jessica's attack. You block the hobgoblin's attack.
The hobgoblin hits you.
You die...

####..........######
..................>#
####............#?.#
).##...##.....#.#..#
..##...'.....##.#..#
..##...##.......#..#
###########....§§§.#
##...§§§§# #####@g##
#§§# #g@# #§§§ .§.§.
....... ...)...##
........# ...#.....#


You could see Jessica and 2 hobgoblins.

Vanquished Creatures
  An adder (D:2)
  3 dart slugs
  2 giant geckos (D:1)
  5 bats
  2 goblins
  A kobold (D:1)
  2 rats (D:1)
16 creatures vanquished.

Notes
Turn   | Place    | Note
-------+----------+-------------------------------------------
     0 | D:1      | TuxedoFelix the Demonspawn Berserker began the quest for the Orb.
     0 | D:1      | Reached XP level 1. HP: 18/18 MP: 1/1
   424 | D:1      | Gained mutation: You regenerate a little health from kills. [demonic ancestry]
   424 | D:1      | Reached XP level 2. HP: 19/24 MP: 2/2
  1328 | D:2      | Gained mutation: You regenerate health from kills. [demonic ancestry]
  1328 | D:2      | Reached XP level 3. HP: 24/29 MP: 3/3
  1383 | D:2      | Noticed Jessica
  1393 | D:2      | HP: 1/29 [hobgoblin/club (3)]
  1395 | D:2      | Slain by a hobgoblin

Vault maps used:
D:1:      saegor_arrival_under_anarchy, nrook_mini_vaults,
          minmay_misc_feat_four_crosses
D:2:      uniq_jessica

Skill      XL: |  1  2 |
---------------+-------+-----
Dodging        | 2 |  2.0
Polearms       | 3 |  3.1
Armour         | 2 |  2.0
Fighting       | |  3.4
Shields        | |  0.5

Action                   || total
-------------------------++-------
Melee: Spear             ||    97
  Use: Scroll            ||     5
  Eat: Bread ration      ||     1
Armor: Plate armour      ||    64
       Ring mail         ||     3
Dodge: Dodged            ||     4
Block: Large shield      ||    76
